 Dungeon Crawl Stone Soup version 0.30-a0-622-gddc90eaa04 (webtiles) character file.

Game seed: 17206610300404948724

106 Newt the Cutter (level 4, 0/34 HPs)
             Began as a Demonspawn Gladiator on Jan 10, 2023.
             Slain by an ogre
             ... wielding a +0 giant club
              (34 damage)
             ... on level 3 of the Dungeon.
             The game lasted 00:01:40 (1692 turns).

Newt the Cutter (Demonspawn Gladiator)              Turns: 1692, Time: 00:01:40

Health: 0/34       AC:  4    Str: 16    XL:     4   Next: 55%
Magic:  4/4        EV: 12    Int: 10    God:
Gold:   187        SH:  0    Dex: 14    Spells: 3/3 levels left

rFire   . . .      SeeInvis .    m - +1 dagger (venom)
rCold   . . .      Faith    .    (no shield)
rNeg    . . .      Spirit   .    b - +1 leather armour
rPois   .          Reflect  .    (helmet restricted)
rElec   .          Harm     .    (no cloak)
rCorr   .          Rampage  .    (no gloves)
Will    .....                    (no boots)
Stlth   ++                       (no amulet)
HPRegen 0.25/turn                (no ring)
MPRegen 0.09/turn                (no ring)

@: no status effects
A: horns 1, demonic guardian 1, weakness stinger 1
a: no special abilities


You were on level 3 of the Dungeon.
You visited 1 branch of the dungeon, and saw 3 of its levels.

You collected 187 gold pieces.

Inventory:

Hand Weapons
 a - a +0 rapier
 m - a +1 dagger of venom (weapon)
Missiles
 d - 5 throwing nets (quivered)
 e - a javelin
 j - 4 poisoned darts
Armour
 b - a +1 leather armour (worn)
 c - a +0 helmet
Wands
 k - a wand of polymorph (3)
 n - a wand of roots (2)
Scrolls
 g - a scroll of teleportation
Potions
 f - a potion of brilliance
 h - a potion of attraction {unknown}
 i - a potion of curing {unknown}
 l - a potion of lignification {unknown}
 o - 2 potions of degeneration {unknown}


   Skills:
 + Level 2.8 Fighting
 - Level 4.0 Short Blades
 - Level 1.7 Throwing
 - Level 2.6 Dodging
 - Level 2.0 Stealth


You had 3 spell levels left.
You didn't know any spells.
Your spell library was empty.

Dungeon Overview and Level Annotations

Branches:
Dungeon (3/15)

Altars:


Innate Abilities, Weirdness & Mutations

You have a pair of small horns on your head.
A weak demonic guardian rushes to your aid.
You have a small tail.


Message History

You hit the quokka.
The quokka is poisoned.
The quokka is moderately wounded.
The quokka closely misses you.
You hit the quokka.
The quokka looks even sicker.
You headbutt the quokka.
The quokka is almost dead.
The quokka barely misses you.
You closely miss the quokka. You headbutt the quokka.
You kill the quokka!
No target in view!
No target in view!
No target in view!
No target in view!
No target in view!
As you read the scroll labelled POASKENEKH, it crumbles to dust.
It is a scroll of enchant armour.
Your +0 leather armour glows green for a moment.
You see here a quokka corpse.
You see here a +0 dagger.
You open the door.
There is an open door here.
As you open the door, it creaks loudly!
There is an open door here.
You open the door.
There is an open door here.
Found a stone staircase leading up.
You open the door.
An ogre comes into view. It is wielding a +0 giant club.
There is an open door here.
The ogre shouts!
You hear an angry hiss.
The ogre closely misses you.
You closely miss the ogre.
Your tail-slap misses the ogre.
A ball python comes into view.
You hit the ogre but do no damage.
The ogre is poisoned.
Your punch misses the ogre. The ogre closely misses you.
You completely miss the ogre. You headbutt the ogre!
Your tail-slap misses the ogre.
You punch the ogre.
The ogre is heavily wounded.
The ogre hits you with a +0 giant club!!
Ouch! That really hurt!
You die...

..(..# .....# #####
.....# #...#
'##########...#*******
..........'...+,,,,,>*
.##########...#*****,*
..........'...# *,*
###########...######.###*
#.# #<#+#..@O......* #.#
#.*,###......#.* #.#
#.*,**#..#..##,* #.#
#.*,,,...#,##*,*
..########.****#.##,***,*
#.##.....#.* #S#*,**,,*
#........#.* #..,,**,,*
###......#,* #..,,,,,,*
##.....##.#** *,,,****,*


You could see an ogre (very poisoned) and a ball python.

Vanquished Creatures
  Jessica (D:2)
  2 adders (D:2)
  3 gnolls (D:2)
  A dart slug (D:2)
  2 orcs (D:3)
  3 bats (D:2)
  5 endoplasms
  2 giant cockroaches
  2 goblins
  4 hobgoblins
  A kobold (D:1)
  A quokka (D:3)
  2 frilled lizards
  4 rats
33 creatures vanquished.

Notes
Turn   | Place    | Note
-------+----------+-------------------------------------------
     0 | D:1      | Newt the Demonspawn Gladiator began the quest for the Orb.
     0 | D:1      | Reached XP level 1. HP: 16/16 MP: 1/1
   128 | D:1      | Reached skill level 1 in Stealth
   769 | D:2      | Discovered your monstrous ancestry.
   769 | D:2      | Gained mutation: You have a pair of small horns on your
                  | head. [demonic ancestry]
   769 | D:2      | Reached XP level 2. HP: 22/22 MP: 2/2
   853 | D:2      | Noticed Jessica
   862 | D:2      | Killed Jessica
   863 | D:2      | Reached skill level 3 in Short Blades
   863 | D:2      | Gained mutation: You have a small tail. [demonic ancestry]
   863 | D:2      | Reached XP level 3. HP: 27/27 MP: 3/3
  1106 | D:2      | Reached skill level 4 in Short Blades
  1106 | D:2      | Gained mutation: A weak demonic guardian rushes to your
                  | aid. [demonic ancestry]
  1106 | D:2      | Reached XP level 4. HP: 14/33 MP: 4/4
  1683 | D:3      | Noticed an ogre
  1692 | D:3      | Slain by an ogre

Illustrated notes

Levels and vault maps discovered:
D:1:      lightli_arrival_flooded_house, layout_loops_ring
D:2:      layout_basic, uniq_jessica
D:3:      layout_basic

Skill      XL: |  1  2  3 |
---------------+----------+-----
Stealth        | 1 2 |  2.0
Short Blades   | 3 4 |  4.0
Fighting       | |  2.8
Throwing       | |  1.7
Dodging        | |  2.6

Action                   |  1- 3 |  4- 6 || total
-------------------------+-------+-------++-------
Melee: Rapier            |    27 |       ||    27
       Dagger            |    33 |    35 ||    68
       Headbutt          |     4 |     8 ||    12
       Tailslap          |     3 |     4 ||     7
       Punch             |       |     1 ||     1
  Use: Scroll            |     5 |     4 ||     9
 Stab: Sleeping          |     2 |       ||     2
Armor: Leather armour    |    16 |     4 ||    20
Dodge: Dodged            |    31 |    21 ||    52

Table legend: (Time is in decaauts)
 A = Elapsed time spent in this place.
 B = Non-inter-level travel time spent in this place.
 C = Inter-level travel time spent in this place.
 D = Time resting spent in this place.
 E = Time spent auto-exploring this place.
 F = Levels seen in this place.
 G = Mean time per level.
                   A        B        C        D        E       F      G
               +--------+--------+--------+--------+--------+-----+--------+
         Total |   1682 |   1545 |    137 |    181 |   1100 |   3 |  560.7 |
       Dungeon |   1682 |   1545 |    137 |    181 |   1100 |   3 |  560.7 |
               +--------+--------+--------+--------+--------+-----+--------+

Top non-repeatable levels by time:
     D:1: 737 daAuts
     D:2: 672 daAuts
     D:3: 271 daAuts
